Vegas Golden Knights vs Philadelphia Flyers
Created - Wednesday, September 13, 2023 at 07:13
Goals
|
| Vegas Golden Knights |
0 |
0 |
2 |
0 |
2 |
3 |
| Philadelphia Flyers |
0 |
1 |
1 |
0 |
0 |
2 |
|
Shots
|
| Vegas Golden Knights |
10 |
3 |
7 |
1 |
2 |
21 |
| Philadelphia Flyers |
9 |
15 |
11 |
0 |
2 |
35 |
|
1st period
No Goal
Penalties :
Travis Hamonic (VGK) for Hooking (Minor) at 2:52, Anthony Cirelli (VGK) for Kneeing (Minor) at 10:20
2nd period
1. Philadelphia Flyers , Elias Lindholm 7 (Max Pacioretty 12) at 8:46
Penalties :
Ben Chiarot (PHI) for Roughing (Minor) at 17:28
3rd period
2. Philadelphia Flyers , Tyler Johnson 2 (Marcus Johansson 3, Jesper Fast 1) at 2:50
3. Vegas Golden Knights , Reilly Smith 4 (Jaden Schwartz 10, Chris Kreider 13) at 3:41
4. Vegas Golden Knights , Anthony Cirelli 4 (Rickard Rakell 5, Vince Dunn 8) at 14:06
Penalties :
Chris Kreider (VGK) for Interference (Minor) at 6:38
Overtime #1
No Goal
Penalties :
No Penalty
Shootout
Vegas Golden Knights, Rickard Rakell - Goal!
Philadelphia Flyers, Auston Matthews - Stopped by Alexandar Georgiev
Vegas Golden Knights, Anthony Cirelli - Goal!
Philadelphia Flyers, Matt Duchene - Stopped by Alexandar Georgiev
Penalties :
No Penalty
Goalie Stats
Alexandar Georgiev (VGK), 33 saves from 35 shots - (0.943), W, 7-5-0, 65:00 minutes
Jake Allen (PHI), 19 saves from 21 shots - (0.905), OTL, 3-2-1, 65:00 minutes
Players Stats for Vegas Golden Knights
Player Name G A P +/- PIM S H SB GA TA FO MP PP MP PK MP
------------------------------------------------------------------------------------
Andrew Peeke 0 0 0 1 0 2 0 3 0 0 0/0 27:10 0:00 3:05
Anthony Cirelli 1 0 1 -1 2 1 2 1 1 0 13/25 17:32 0:00 1:54
Chris Kreider 0 1 1 0 2 2 1 1 0 0 0/0 18:54 1:12 0:17
Eric Staal 0 0 0 0 0 0 0 0 1 0 4/7 13:01 0:00 2:50
Jaden Schwartz 0 1 1 1 0 1 3 0 1 0 0/2 14:11 1:12 0:00
Joe Pavelski 0 0 0 0 0 2 1 0 0 0 2/3 18:54 1:12 0:16
John Marino 0 0 0 0 0 0 2 2 0 3 0/0 18:30 0:46 0:44
Jordan Staal 0 0 0 1 0 1 0 0 0 0 4/5 15:46 0:00 2:47
Marc Staal 0 0 0 -1 0 0 1 6 0 0 0/0 18:40 0:00 2:52
Marc-Edouard Vlasic 0 0 0 0 0 0 0 1 0 0 0/0 17:48 0:00 3:09
Nikolaj Ehlers 0 0 0 -1 0 0 0 0 0 0 1/1 15:47 0:46 0:00
Reilly Smith 1 0 1 1 0 2 1 0 0 0 0/0 17:25 1:13 1:00
Rickard Rakell 0 1 1 -1 0 4 2 0 1 0 0/0 15:16 0:47 0:00
Sean Monahan 0 0 0 0 0 2 1 0 0 0 4/13 18:11 0:47 0:00
Travis Hamonic 0 0 0 -1 2 0 2 1 0 0 0/0 20:43 0:00 2:04
Victor Olofsson 0 0 0 0 0 1 1 0 1 0 0/0 9:34 0:47 0:00
Vince Dunn 0 1 1 1 0 2 3 2 1 1 0/0 24:37 1:13 0:00
Zach Parise 0 0 0 0 0 1 1 0 0 1 0/0 12:01 0:00 2:50
Players Stats for Philadelphia Flyers
Player Name G A P +/- PIM S H SB GA TA FO MP PP MP PK MP
------------------------------------------------------------------------------------
Artem Zub 0 0 0 0 0 0 3 0 1 1 0/0 21:04 0:00 1:16
Auston Matthews 0 0 0 -1 0 0 2 0 0 0 6/11 18:12 2:59 0:00
Ben Chiarot 0 0 0 0 2 0 4 0 0 1 0/0 20:29 0:00 0:00
Bryan Rust 0 0 0 0 0 6 0 0 1 0 0/2 17:10 2:58 0:58
Elias Lindholm 1 0 1 0 0 3 0 1 1 0 9/14 17:58 2:58 0:58
Erik Gustafsson 0 0 0 0 0 0 1 1 0 1 0/0 19:03 2:50 0:00
Jack McBain 0 0 0 -1 0 1 2 0 0 0 0/1 16:01 0:00 1:01
Jesper Fast 0 1 1 1 0 0 2 0 0 0 0/1 13:23 0:00 0:00
Justin Faulk 0 0 0 0 0 3 0 3 0 0 0/0 25:39 3:07 1:20
Lukas Sedlak 0 0 0 0 0 2 0 0 0 0 1/1 15:41 0:02 0:00
Marcus Johansson 0 1 1 1 0 3 1 1 0 0 0/0 15:31 2:58 0:00
Matt Duchene 0 0 0 -1 0 2 1 0 1 1 1/2 18:01 2:57 0:00
Matt Roy 0 0 0 0 0 1 1 1 0 0 0/0 20:15 2:50 1:21
Max Pacioretty 0 1 1 0 0 4 1 0 1 0 0/1 16:16 2:57 0:00
Nathan Bastian 0 0 0 0 0 1 0 0 0 0 0/0 11:34 0:00 0:00
Oliver Ekman-Larsson 0 0 0 0 0 2 4 2 0 2 0/0 24:01 3:07 0:01
Radek Faksa 0 0 0 0 0 4 1 0 0 0 7/10 14:08 0:00 1:01
Tyler Johnson 1 0 1 1 0 3 2 0 0 0 4/13 13:34 0:02 0:00
3 Stars
1 - Alexandar Georgiev (VGK)
2 - Reilly Smith (VGK)
3 - Tyler Johnson (PHI)
Power Play
Vegas Golden Knights - 0 on 1 Attempt(s) - 0.00%
Philadelphia Flyers - 0 on 3 Attempt(s) - 0.00%
Penalty Kill
Vegas Golden Knights - 3 on 3 Attempt(s) - 100.00%
- Score 0 goal in Penalty Kill
Philadelphia Flyers - 1 on 1 Attempt(s) - 100.00%
- Score 0 goal in Penalty Kill
Team Stat
Vegas Golden Knights - Hits : 21 - Faceoff Wins : 28 - Blocked Shots : 17 - Penalty Minutes : 6
Philadelphia Flyers - Hits : 25 - Faceoff Wins : 28 - Blocked Shots : 9 - Penalty Minutes : 2
Official
Referees : Tom Kowal and Kevin Pollock
Linesman : Tony Sericolo and Brandon Gawryletz
Game Notes
No Game Note
Finance
Level 1 -- Attendance: 5006 (83.43%) -- Ticket Income $485,582
Level 2 -- Attendance: 4700 (94.00%) -- Ticket Income $267,900
Level 3 -- Attendance: 3000 (100.00%) -- Ticket Income $102,000
Level 4 -- Attendance: 4354 (87.08%) -- Ticket Income $100,142
Luxury Box -- Attendance: 912 (91.20%) -- Ticket Income $177,840
Game was played at the Wells Fargo Center.
Total Attendance: 17972 (89.86%)
Total Ticket Income: $1,133,464
Other Income: $396,712
Total Income: $1,530,176
Vegas Golden Knights
5 vs 5 Forward
Center Left Wing Right Wing Time % Phy DF OF
1 Sean Monahan Chris Kreider Joe Pavelski 30 1 2 2
2 Anthony Cirelli Nikolaj Ehlers Rickard Rakell 30 1 2 2
3 Jordan Staal Jaden Schwartz Reilly Smith 25 1 2 2
4 Eric Staal Zach Parise Victor Olofsson 15 1 2 2
5 vs 5 Defense
Defense Defense Time % Phy DF OF
1 Vince Dunn Andrew Peeke 30 1 2 2
2 Marc Staal Travis Hamonic 30 1 2 2
3 Marc-Edouard Vlasic John Marino 25 1 2 2
4 Andrew Peeke Vince Dunn 15 1 2 2
PowerPlay Forward
Center Left Wing Right Wing Time % Phy DF OF
1 Joe Pavelski Chris Kreider Jaden Schwartz 50 1 2 2
2 Sean Monahan Rickard Rakell Victor Olofsson 50 1 2 2
PowerPlay Defense
Defense Defense Time % Phy DF OF
1 Reilly Smith Vince Dunn 50 1 2 2
2 Nikolaj Ehlers John Marino 50 1 2 2
Penalty Kill 4 Players Forward
Center Wing Time % Phy DF OF
1 Anthony Cirelli Zach Parise 50 1 2 2
2 Eric Staal Jordan Staal 50 1 2 2
Penalty Kill 4 Players Defense
Defense Defense Time % Phy DF OF
1 Andrew Peeke Travis Hamonic 50 1 2 2
2 Marc-Edouard Vlasic Marc Staal 50 1 2 2
Penalty Kill - 3 Players Forward
Forward Time % Phy DF OF
1 Zach Parise 50 1 2 2
2 Jordan Staal 50 1 2 2
Penalty Kill - 3 Players Defense
Defense Defense Time % Phy DF OF
1 Andrew Peeke Travis Hamonic 50 1 2 2
2 Eric Staal Marc Staal 50 1 2 2
4 vs 4 Forward
Center Wing Time % Phy DF OF
1 Joe Pavelski Chris Kreider 50 1 2 2
2 Sean Monahan Reilly Smith 50 1 2 2
4 vs 4 Defense
Defense Defense Time % Phy DF OF
1 Andrew Peeke Travis Hamonic 50 1 2 2
2 Vince Dunn John Marino 50 1 2 2
Last Minutes Offensive
Center Left Wing Right Wing Defense Defense
Joe Pavelski Chris Kreider Nikolaj Ehlers Vince Dunn John Marino
Last Minutes Defensive
Center Left Wing Right Wing Defense Defense
Anthony Cirelli Zach Parise Eric Staal Marc Staal Andrew Peeke
Goaltenders
Starting : Alexandar Georgiev
Backup : Philipp Grubauer
Extra Forwards
Normal : Reilly Smith, Joe Pavelski, Chris Kreider - PP : Victor Olofsson, Anthony Cirelli - PK : Reilly Smith
Extra Defensemen
Normal : Marc Staal, Andrew Peeke, Vince Dunn - PP : Travis Hamonic - PK : John Marino, Andrew Peeke
Penalty Shots
Rickard Rakell, Anthony Cirelli, Victor Olofsson, Zach Parise, Joe Pavelski
Philadelphia Flyers
5 vs 5 Forward
Center Left Wing Right Wing Time % Phy DF OF
1 Auston Matthews Matt Duchene Jack McBain 25 0 2 3
2 Elias Lindholm Max Pacioretty Nathan Bastian 25 0 2 3
3 Radek Faksa Bryan Rust Lukas Sedlak 25 0 2 3
4 Tyler Johnson Jesper Fast Marcus Johansson 25 0 2 3
5 vs 5 Defense
Defense Defense Time % Phy DF OF
1 Justin Faulk Ben Chiarot 35 1 2 2
2 Oliver Ekman-Larsson Artem Zub 35 1 2 2
3 Erik Gustafsson Matt Roy 30 1 2 2
4 Justin Faulk Ben Chiarot 0 1 2 2
PowerPlay Forward
Center Left Wing Right Wing Time % Phy DF OF
1 Auston Matthews Max Pacioretty Matt Duchene 50 0 1 4
2 Elias Lindholm Marcus Johansson Bryan Rust 50 0 1 4
PowerPlay Defense
Defense Defense Time % Phy DF OF
1 Justin Faulk Oliver Ekman-Larsson 50 0 2 3
2 Erik Gustafsson Matt Roy 50 0 2 3
Penalty Kill 4 Players Forward
Center Wing Time % Phy DF OF
1 Radek Faksa Jack McBain 50 0 4 1
2 Elias Lindholm Bryan Rust 50 0 4 1
Penalty Kill 4 Players Defense
Defense Defense Time % Phy DF OF
1 Justin Faulk Ben Chiarot 50 0 5 0
2 Artem Zub Matt Roy 50 0 5 0
Penalty Kill - 3 Players Forward
Forward Time % Phy DF OF
1 Radek Faksa 50 0 5 0
2 Jack McBain 50 0 5 0
Penalty Kill - 3 Players Defense
Defense Defense Time % Phy DF OF
1 Justin Faulk Ben Chiarot 50 0 5 0
2 Artem Zub Matt Roy 50 0 5 0
4 vs 4 Forward
Center Wing Time % Phy DF OF
1 Auston Matthews Matt Duchene 50 0 2 3
2 Elias Lindholm Max Pacioretty 50 0 3 2
4 vs 4 Defense
Defense Defense Time % Phy DF OF
1 Justin Faulk Ben Chiarot 50 0 3 2
2 Oliver Ekman-Larsson Artem Zub 50 0 3 2
Last Minutes Offensive
Center Left Wing Right Wing Defense Defense
Auston Matthews Max Pacioretty Matt Duchene Justin Faulk Oliver Ekman-Larsson
Last Minutes Defensive
Center Left Wing Right Wing Defense Defense
Elias Lindholm Radek Faksa Jack McBain Ben Chiarot Matt Roy
Goaltenders
Starting : Jake Allen
Backup : Connor Ingram
Extra Forwards
Normal : Auston Matthews, Elias Lindholm, Matt Duchene - PP : Auston Matthews, Elias Lindholm - PK : Elias Lindholm
Extra Defensemen
Normal : Justin Faulk, Oliver Ekman-Larsson, Erik Gustafsson - PP : Justin Faulk - PK : Ben Chiarot, Matt Roy
Penalty Shots
Auston Matthews, Matt Duchene, Max Pacioretty, Elias Lindholm, Marcus Johansson
% Time on Ice - Vegas Golden Knights
Lines # - Real PCT - Wanted PCT - Time Play
Normal Forward
1 - 30% - 30% - 15:35
2 - 28% - 30% - 14:29
3 - 25% - 25% - 12:59
4 - 17% - 15% - 9:01
Normal Defense
1 - 30% - 30% - 15:27
2 - 31% - 30% - 16:20
3 - 27% - 25% - 14:19
4 - 11% - 15% - 5:58
PP Forward
1 - 61% - 50% - 1:12
2 - 39% - 50% - 0:47
PP Defense
1 - 61% - 50% - 1:13
2 - 39% - 50% - 0:46
PK Forward
1 - 52% - 50% - 3:07
2 - 48% - 50% - 2:50
PK Defense
1 - 52% - 50% - 3:05
2 - 48% - 50% - 2:52
PK3 Forward
1 - 0% - 50%
2 - 0% - 50%
PK3 Defense
1 - 0% - 50%
2 - 0% - 50%
44 Forward
1 - 52% - 50% - 2:37
2 - 48% - 50% - 2:23
44 Defense
1 - 57% - 50% - 2:51
2 - 43% - 50% - 2:09
Last Minute Offensive - 0:00
Last Minute Defensive - 0:00
Total
Forward - 65:00
Defense - 65:00
|
% Time on Ice - Philadelphia Flyers
Lines # - Real PCT - Wanted PCT - Time Play
Normal Forward
1 - 26% - 25% - 13:17
2 - 24% - 25% - 12:17
3 - 25% - 25% - 13:07
4 - 26% - 25% - 13:23
Normal Defense
1 - 37% - 35% - 19:10
2 - 35% - 35% - 18:02
3 - 29% - 30% - 14:52
4 - 0% - 0% - 0:00
PP Forward
1 - 50% - 50% - 2:59
2 - 50% - 50% - 2:58
PP Defense
1 - 52% - 50% - 3:07
2 - 48% - 50% - 2:50
PK Forward
1 - 51% - 50% - 1:01
2 - 49% - 50% - 0:58
PK Defense
1 - 67% - 50% - 1:20
2 - 33% - 50% - 0:39
PK3 Forward
1 - 0% - 50%
2 - 0% - 50%
PK3 Defense
1 - 0% - 50%
2 - 0% - 50%
44 Forward
1 - 53% - 50% - 2:40
2 - 47% - 50% - 2:20
44 Defense
1 - 50% - 50% - 2:29
2 - 50% - 50% - 2:31
Last Minute Offensive - 0:00
Last Minute Defensive - 0:00
Total
Forward - 65:00
Defense - 65:00
|
Play-by-Play
1st period
0:01 of 1st period - Auston Matthews wins face-off versus Sean Monahan in neutral zone.
0:08 of 1st period - Snap shot by Auston Matthews.
0:08 of 1st period - Shot Blocked by Vince Dunn.
1:14 of 1st period - Andrew Peeke is hit by Artem Zub and loses puck.
1:37 of 1st period - Wrist shot by Sean Monahan.
1:37 of 1st period - Stopped by Jake Allen with a rebound.
1:39 of 1st period - Wrist shot by Andrew Peeke.
1:39 of 1st period - Stopped by Jake Allen with a rebound.
1:41 of 1st period - Slapshot by Andrew Peeke.
1:41 of 1st period - Deflect By Chris Kreider.
1:41 of 1st period - Stopped by Jake Allen without a rebound.
1:42 of 1st period - Anthony Cirelli wins face-off versus Elias Lindholm in Philadelphia Flyers zone.
2:08 of 1st period - Lukas Sedlak is hit by Travis Hamonic and loses puck.
2:52 of 1st period - Minor Penalty to Travis Hamonic for Hooking.
2:53 of 1st period - Anthony Cirelli wins face-off versus Auston Matthews in Vegas Golden Knights zone.
2:53 of 1st period - Anthony Cirelli is hit by Matt Duchene.
3:02 of 1st period - Slapshot by Matt Duchene.
3:02 of 1st period - Stopped by Alexandar Georgiev without a rebound.
3:03 of 1st period - Eric Staal wins face-off versus Auston Matthews in Vegas Golden Knights zone.
3:13 of 1st period - Off-side.
3:14 of 1st period - Anthony Cirelli wins face-off versus Bryan Rust in neutral zone.
3:50 of 1st period - Wrist shot by Auston Matthews.
3:50 of 1st period - Shot Blocked by Andrew Peeke.
4:52 of 1st period - Penalty to Travis Hamonic is over, Travis Hamonic is back on ice.
5:27 of 1st period - Joe Pavelski is hit by Ben Chiarot.
5:47 of 1st period - Nathan Bastian is hit by Jaden Schwartz.
6:46 of 1st period - Slapshot by Chris Kreider.
6:46 of 1st period - Shot Misses the Net.
6:50 of 1st period - Slapshot by Sean Monahan.
6:50 of 1st period - Stopped by Jake Allen with a rebound.
6:52 of 1st period - Wrist shot by Chris Kreider.
6:52 of 1st period - Shot Misses the Net.
7:06 of 1st period - Matt Duchene is hit by Anthony Cirelli and loses puck.
7:29 of 1st period - Vince Dunn is hit by Erik Gustafsson and loses puck.
7:44 of 1st period - Wrist shot by Zach Parise.
7:44 of 1st period - Stopped by Jake Allen without a rebound.
7:45 of 1st period - Jordan Staal wins face-off versus Tyler Johnson in Philadelphia Flyers zone.
7:46 of 1st period - Snap shot by Reilly Smith.
7:46 of 1st period - Stopped by Jake Allen with a rebound.
7:48 of 1st period - Wrist shot by Jordan Staal.
7:48 of 1st period - Stopped by Jake Allen with a rebound.
7:50 of 1st period - Slapshot by Travis Hamonic.
7:50 of 1st period - Shot Blocked by Marcus Johansson.
7:52 of 1st period - Snap shot by Jordan Staal.
7:52 of 1st period - Deflect By Jaden Schwartz.
7:52 of 1st period - Stopped by Jake Allen without a rebound.
7:53 of 1st period - Matt Duchene wins face-off versus Anthony Cirelli in Philadelphia Flyers zone.
8:02 of 1st period - Slapshot by Auston Matthews.
8:02 of 1st period - Shot Blocked by Marc Staal.
8:06 of 1st period - Snap shot by Auston Matthews.
8:06 of 1st period - Shot Blocked by Marc Staal.
8:47 of 1st period - Slapshot by Artem Zub.
8:47 of 1st period - Deflect By Bryan Rust.
8:47 of 1st period - Stopped by Alexandar Georgiev with a rebound.
9:59 of 1st period - Wrist shot by Elias Lindholm.
9:59 of 1st period - Stopped by Alexandar Georgiev with a rebound.
10:01 of 1st period - Slapshot by Justin Faulk.
10:01 of 1st period - Deflect By Elias Lindholm.
10:01 of 1st period - Shot Misses the Net.
10:01 of 1st period - Puck is out of play.
10:02 of 1st period - Radek Faksa wins face-off versus Anthony Cirelli in Vegas Golden Knights zone.
10:11 of 1st period - Snap shot by Bryan Rust.
10:11 of 1st period - Stopped by Alexandar Georgiev without a rebound.
10:12 of 1st period - Radek Faksa wins face-off versus Anthony Cirelli in Vegas Golden Knights zone.
10:15 of 1st period - Slapshot by Bryan Rust.
10:15 of 1st period - Shot Blocked by Marc Staal.
10:17 of 1st period - Slapshot by Matt Roy.
10:17 of 1st period - Stopped by Alexandar Georgiev without a rebound.
10:18 of 1st period - Anthony Cirelli wins face-off versus Tyler Johnson in Vegas Golden Knights zone.
10:20 of 1st period - Minor Penalty to Anthony Cirelli for Kneeing.
10:21 of 1st period - Eric Staal wins face-off versus Elias Lindholm in Vegas Golden Knights zone.
11:41 of 1st period - Eric Staal is hit by Matt Roy and loses puck.
12:20 of 1st period - Penalty to Anthony Cirelli is over, Anthony Cirelli is back on ice.
12:39 of 1st period - Marc-Edouard Vlasic is hit by Tyler Johnson.
12:56 of 1st period - Icing by Matt Roy.
12:57 of 1st period - Joe Pavelski wins face-off versus Tyler Johnson in Philadelphia Flyers zone.
12:58 of 1st period - Snap shot by Chris Kreider.
12:58 of 1st period - Stopped by Jake Allen without a rebound.
12:59 of 1st period - Sean Monahan wins face-off versus Elias Lindholm in Philadelphia Flyers zone.
13:28 of 1st period - Ben Chiarot is hit by Jaden Schwartz and loses puck.
14:04 of 1st period - Off-side.
14:05 of 1st period - Eric Staal wins face-off versus Tyler Johnson in neutral zone.
14:08 of 1st period - Snap shot by Zach Parise.
14:08 of 1st period - Shot Blocked by Matt Roy.
14:30 of 1st period - Wrist shot by Marcus Johansson.
14:30 of 1st period - Stopped by Alexandar Georgiev without a rebound.
14:31 of 1st period - Elias Lindholm wins face-off versus Jordan Staal in Vegas Golden Knights zone.
14:40 of 1st period - Snap shot by Jaden Schwartz.
14:40 of 1st period - Shot Blocked by Oliver Ekman-Larsson.
14:42 of 1st period - Snap shot by Andrew Peeke.
14:42 of 1st period - Shot Blocked by Elias Lindholm.
14:44 of 1st period - Slapshot by Jordan Staal.
14:44 of 1st period - Shot Misses the Net.
14:46 of 1st period - Slapshot by Andrew Peeke.
14:46 of 1st period - Stopped by Jake Allen without a rebound.
14:47 of 1st period - Anthony Cirelli wins face-off versus Radek Faksa in Philadelphia Flyers zone.
16:06 of 1st period - Eric Staal is hit by Radek Faksa and loses puck.
16:44 of 1st period - Marc-Edouard Vlasic is hit by Ben Chiarot.
17:12 of 1st period - Marc-Edouard Vlasic is hit by Artem Zub and loses puck.
17:44 of 1st period - Off-side.
17:45 of 1st period - Anthony Cirelli wins face-off versus Tyler Johnson in neutral zone.
18:00 of 1st period - Snap shot by Rickard Rakell.
18:00 of 1st period - Shot Blocked by Justin Faulk.
18:10 of 1st period - Chris Kreider is hit by Jack McBain and loses puck.
18:15 of 1st period - Wrist shot by Auston Matthews.
18:15 of 1st period - Deflect By Matt Duchene.
18:15 of 1st period - Stopped by Alexandar Georgiev with a rebound.
19:53 of 1st period - Wrist shot by Marcus Johansson.
19:53 of 1st period - Stopped by Alexandar Georgiev without a rebound.
19:54 of 1st period - Radek Faksa wins face-off versus Anthony Cirelli in Vegas Golden Knights zone.
19:59 of 1st period - Slapshot by Radek Faksa.
19:59 of 1st period - Deflect By Lukas Sedlak.
19:59 of 1st period - Stopped by Alexandar Georgiev with a rebound.
Goals for this period are 0 for Vegas Golden Knights vs 0 for Philadelphia Flyers.
Shots for this period are 10 for Vegas Golden Knights vs 9 for Philadelphia Flyers.
2nd period
0:01 of 2nd period - Elias Lindholm wins face-off versus Anthony Cirelli in neutral zone.
0:08 of 2nd period - Snap shot by Elias Lindholm.
0:08 of 2nd period - Stopped by Alexandar Georgiev without a rebound.
0:09 of 2nd period - Elias Lindholm wins face-off versus Anthony Cirelli in Vegas Golden Knights zone.
0:18 of 2nd period - Snap shot by Elias Lindholm.
0:18 of 2nd period - Shot Misses the Net.
0:54 of 2nd period - Snap shot by Max Pacioretty.
0:54 of 2nd period - Stopped by Alexandar Georgiev without a rebound.
0:55 of 2nd period - Lukas Sedlak wins face-off versus Sean Monahan in Vegas Golden Knights zone.
1:22 of 2nd period - Andrew Peeke is hit by Jesper Fast and loses puck.
1:29 of 2nd period - Snap shot by Tyler Johnson.
1:29 of 2nd period - Shot Blocked by Andrew Peeke.
1:31 of 2nd period - Snap shot by Jesper Fast.
1:31 of 2nd period - Shot Misses the Net.
1:44 of 2nd period - Off-side.
1:45 of 2nd period - Auston Matthews wins face-off versus Eric Staal in neutral zone.
2:39 of 2nd period - Snap shot by Bryan Rust.
2:39 of 2nd period - Stopped by Alexandar Georgiev with a rebound.
2:41 of 2nd period - Wrist shot by Radek Faksa.
2:41 of 2nd period - Shot Misses the Net.
2:43 of 2nd period - Slapshot by Radek Faksa.
2:43 of 2nd period - Stopped by Alexandar Georgiev without a rebound.
2:44 of 2nd period - Jordan Staal wins face-off versus Matt Duchene in Vegas Golden Knights zone.
3:41 of 2nd period - Slapshot by Oliver Ekman-Larsson.
3:41 of 2nd period - Shot Blocked by Chris Kreider.
3:43 of 2nd period - Wrist shot by Bryan Rust.
3:43 of 2nd period - Stopped by Alexandar Georgiev without a rebound.
3:44 of 2nd period - Sean Monahan wins face-off versus Bryan Rust in Vegas Golden Knights zone.
3:49 of 2nd period - Slapshot by Justin Faulk.
3:49 of 2nd period - Deflect By Radek Faksa.
3:49 of 2nd period - Stopped by Alexandar Georgiev with a rebound.
4:01 of 2nd period - Snap shot by Bryan Rust.
4:01 of 2nd period - Stopped by Alexandar Georgiev without a rebound.
4:02 of 2nd period - Anthony Cirelli wins face-off versus Tyler Johnson in Vegas Golden Knights zone.
4:15 of 2nd period - Wrist shot by Rickard Rakell.
4:15 of 2nd period - Stopped by Jake Allen with a rebound.
4:17 of 2nd period - Slapshot by John Marino.
4:17 of 2nd period - Deflect By Rickard Rakell.
4:17 of 2nd period - Stopped by Jake Allen with a rebound.
4:34 of 2nd period - Elias Lindholm is hit by Chris Kreider and loses puck.
6:52 of 2nd period - Snap shot by Jaden Schwartz.
6:52 of 2nd period - Shot Misses the Net.
7:04 of 2nd period - Wrist shot by Tyler Johnson.
7:04 of 2nd period - Stopped by Alexandar Georgiev without a rebound.
7:05 of 2nd period - Elias Lindholm wins face-off versus Sean Monahan in Vegas Golden Knights zone.
7:06 of 2nd period - Snap shot by Max Pacioretty.
7:06 of 2nd period - Stopped by Alexandar Georgiev without a rebound.
7:07 of 2nd period - Elias Lindholm wins face-off versus Sean Monahan in Vegas Golden Knights zone.
8:17 of 2nd period - Sean Monahan is hit by Oliver Ekman-Larsson and loses puck.
8:26 of 2nd period - Wrist shot by Auston Matthews.
8:26 of 2nd period - Shot Misses the Net.
8:46 of 2nd period - Snap shot by Elias Lindholm.
8:46 of 2nd period - Goal by Elias Lindholm - Vegas Golden Knights : 0 - Philadelphia Flyers : 1.
8:47 of 2nd period - Anthony Cirelli wins face-off versus Max Pacioretty in neutral zone.
8:58 of 2nd period - Snap shot by Max Pacioretty.
8:58 of 2nd period - Shot Blocked by Vince Dunn.
9:44 of 2nd period - Wrist shot by Tyler Johnson.
9:44 of 2nd period - Shot Misses the Net.
10:22 of 2nd period - Snap shot by Matt Duchene.
10:22 of 2nd period - Shot Misses the Net.
10:28 of 2nd period - Slapshot by Nikolaj Ehlers.
10:28 of 2nd period - Shot Misses the Net.
10:38 of 2nd period - Slapshot by Oliver Ekman-Larsson.
10:38 of 2nd period - Shot Blocked by Travis Hamonic.
10:40 of 2nd period - Snap shot by Lukas Sedlak.
10:40 of 2nd period - Shot Misses the Net.
10:42 of 2nd period - Slapshot by Oliver Ekman-Larsson.
10:42 of 2nd period - Stopped by Alexandar Georgiev with a rebound.
10:44 of 2nd period - Wrist shot by Radek Faksa.
10:44 of 2nd period - Stopped by Alexandar Georgiev without a rebound.
10:45 of 2nd period - Radek Faksa wins face-off versus Sean Monahan in Vegas Golden Knights zone.
11:56 of 2nd period - Icing by Sean Monahan.
11:57 of 2nd period - Tyler Johnson wins face-off versus Sean Monahan in Vegas Golden Knights zone.
13:15 of 2nd period - Reilly Smith is hit by Artem Zub and loses puck.
13:51 of 2nd period - Justin Faulk is hit by Rickard Rakell and loses puck.
14:23 of 2nd period - Snap shot by Bryan Rust.
14:23 of 2nd period - Shot Blocked by Marc-Edouard Vlasic.
14:25 of 2nd period - Wrist shot by Bryan Rust.
14:25 of 2nd period - Shot Misses the Net.
14:27 of 2nd period - Snap shot by Bryan Rust.
14:27 of 2nd period - Stopped by Alexandar Georgiev without a rebound.
14:28 of 2nd period - Anthony Cirelli wins face-off versus Tyler Johnson in Vegas Golden Knights zone.
15:30 of 2nd period - Elias Lindholm is hit by Sean Monahan and loses puck.
15:49 of 2nd period - Slapshot by Erik Gustafsson.
15:49 of 2nd period - Shot Misses the Net.
15:51 of 2nd period - Wrist shot by Bryan Rust.
15:51 of 2nd period - Shot Misses the Net.
15:53 of 2nd period - Slapshot by Radek Faksa.
15:53 of 2nd period - Shot Hit the Post.
17:01 of 2nd period - Ben Chiarot is hit by Victor Olofsson and loses puck.
17:08 of 2nd period - Snap shot by Justin Faulk.
17:08 of 2nd period - Stopped by Alexandar Georgiev without a rebound.
17:09 of 2nd period - Tyler Johnson wins face-off versus Jaden Schwartz in Vegas Golden Knights zone.
17:10 of 2nd period - Snap shot by Marcus Johansson.
17:10 of 2nd period - Shot Misses the Net.
17:12 of 2nd period - Snap shot by Justin Faulk.
17:12 of 2nd period - Stopped by Alexandar Georgiev without a rebound.
17:13 of 2nd period - Tyler Johnson wins face-off versus Jaden Schwartz in Vegas Golden Knights zone.
17:28 of 2nd period - Minor Penalty to Ben Chiarot for Roughing.
17:29 of 2nd period - Radek Faksa wins face-off versus Joe Pavelski in Philadelphia Flyers zone.
17:45 of 2nd period - Wrist shot by Joe Pavelski.
17:45 of 2nd period - Stopped by Jake Allen with a rebound.
17:59 of 2nd period - Radek Faksa is hit by Jaden Schwartz and loses puck.
18:08 of 2nd period - Wrist shot by Chris Kreider.
18:08 of 2nd period - Shot Blocked by Justin Faulk.
18:10 of 2nd period - Wrist shot by Joe Pavelski.
18:10 of 2nd period - Deflect By Justin Faulk.
18:10 of 2nd period - Shot Blocked by Justin Faulk.
18:10 of 2nd period - Puck is out of play.
18:11 of 2nd period - Elias Lindholm wins face-off versus Sean Monahan in Philadelphia Flyers zone.
18:26 of 2nd period - Snap shot by Sean Monahan.
18:26 of 2nd period - Shot Misses the Net.
18:41 of 2nd period - Matt Roy is hit by Rickard Rakell and loses puck.
18:56 of 2nd period - Bryan Rust is hit by Vince Dunn and loses puck.
19:28 of 2nd period - Penalty to Ben Chiarot is over, Ben Chiarot is back on ice.
19:58 of 2nd period - Wrist shot by Elias Lindholm.
19:58 of 2nd period - Shot Blocked by John Marino.
Goals for this period are 0 for Vegas Golden Knights vs 1 for Philadelphia Flyers.
Shots for this period are 3 for Vegas Golden Knights vs 15 for Philadelphia Flyers.
3rd period
0:01 of 3rd period - Auston Matthews wins face-off versus Anthony Cirelli in neutral zone.
0:10 of 3rd period - Slapshot by Justin Faulk.
0:10 of 3rd period - Stopped by Alexandar Georgiev without a rebound.
0:11 of 3rd period - Anthony Cirelli wins face-off versus Tyler Johnson in Vegas Golden Knights zone.
0:20 of 3rd period - Slapshot by Vince Dunn.
0:20 of 3rd period - Stopped by Jake Allen with a rebound.
0:22 of 3rd period - Snap shot by Nikolaj Ehlers.
0:22 of 3rd period - Shot Misses the Net.
0:41 of 3rd period - Wrist shot by Sean Monahan.
0:41 of 3rd period - Shot Misses the Net.
1:11 of 3rd period - Off-side.
1:12 of 3rd period - Anthony Cirelli wins face-off versus Jesper Fast in neutral zone.
1:25 of 3rd period - Jesper Fast is hit by Vince Dunn and loses puck.
2:15 of 3rd period - Ben Chiarot is hit by Vince Dunn and loses puck.
2:26 of 3rd period - Snap shot by Justin Faulk.
2:26 of 3rd period - Shot Blocked by Marc Staal.
2:28 of 3rd period - Snap shot by Nathan Bastian.
2:28 of 3rd period - Stopped by Alexandar Georgiev with a rebound.
2:30 of 3rd period - Snap shot by Max Pacioretty.
2:30 of 3rd period - Shot Misses the Net.
2:32 of 3rd period - Slapshot by Justin Faulk.
2:32 of 3rd period - Shot Misses the Net.
2:34 of 3rd period - Slapshot by Ben Chiarot.
2:34 of 3rd period - Shot Misses the Net.
2:36 of 3rd period - Snap shot by Elias Lindholm.
2:36 of 3rd period - Shot Blocked by Marc Staal.
2:50 of 3rd period - Snap shot by Tyler Johnson.
2:50 of 3rd period - Goal by Tyler Johnson - Vegas Golden Knights : 0 - Philadelphia Flyers : 2.
2:51 of 3rd period - Anthony Cirelli wins face-off versus Radek Faksa in neutral zone.
3:41 of 3rd period - Snap shot by Reilly Smith.
3:41 of 3rd period - Goal by Reilly Smith - Vegas Golden Knights : 1 - Philadelphia Flyers : 2.
3:42 of 3rd period - Radek Faksa wins face-off versus Anthony Cirelli in neutral zone.
3:54 of 3rd period - Off-side.
3:55 of 3rd period - Sean Monahan wins face-off versus Elias Lindholm in neutral zone.
4:02 of 3rd period - Icing by Andrew Peeke.
4:03 of 3rd period - Elias Lindholm wins face-off versus Sean Monahan in Vegas Golden Knights zone.
4:12 of 3rd period - Wrist shot by Elias Lindholm.
4:12 of 3rd period - Shot Misses the Net.
4:14 of 3rd period - Slapshot by Oliver Ekman-Larsson.
4:14 of 3rd period - Deflect By Max Pacioretty.
4:14 of 3rd period - Stopped by Alexandar Georgiev with a rebound.
4:16 of 3rd period - Wrist shot by Max Pacioretty.
4:16 of 3rd period - Shot Misses the Net.
4:18 of 3rd period - Snap shot by Max Pacioretty.
4:18 of 3rd period - Stopped by Alexandar Georgiev with a rebound.
4:25 of 3rd period - Icing by Vince Dunn.
4:26 of 3rd period - Tyler Johnson wins face-off versus Anthony Cirelli in Vegas Golden Knights zone.
4:27 of 3rd period - Snap shot by Marcus Johansson.
4:27 of 3rd period - Stopped by Alexandar Georgiev without a rebound.
4:28 of 3rd period - Anthony Cirelli wins face-off versus Tyler Johnson in Vegas Golden Knights zone.
4:28 of 3rd period - Anthony Cirelli is hit by Marcus Johansson.
5:04 of 3rd period - Snap shot by Tyler Johnson.
5:04 of 3rd period - Stopped by Alexandar Georgiev with a rebound.
5:20 of 3rd period - Snap shot by Lukas Sedlak.
5:20 of 3rd period - Stopped by Alexandar Georgiev with a rebound.
5:22 of 3rd period - Snap shot by Radek Faksa.
5:22 of 3rd period - Shot Hit the Post.
5:24 of 3rd period - Snap shot by Radek Faksa.
5:24 of 3rd period - Shot Blocked by Marc Staal.
5:37 of 3rd period - Travis Hamonic is hit by Oliver Ekman-Larsson and loses puck.
6:04 of 3rd period - Rickard Rakell is hit by Ben Chiarot and loses puck.
6:27 of 3rd period - Bryan Rust is hit by John Marino and loses puck.
6:38 of 3rd period - Minor Penalty to Chris Kreider for Interference.
6:39 of 3rd period - Elias Lindholm wins face-off versus Eric Staal in Vegas Golden Knights zone.
6:42 of 3rd period - Snap shot by Bryan Rust.
6:42 of 3rd period - Shot Misses the Net.
6:51 of 3rd period - Marcus Johansson is hit by Marc Staal and loses puck.
8:38 of 3rd period - Penalty to Chris Kreider is over, Chris Kreider is back on ice.
8:54 of 3rd period - Wrist shot by Chris Kreider.
8:54 of 3rd period - Shot Misses the Net.
9:37 of 3rd period - Snap shot by Victor Olofsson.
9:37 of 3rd period - Stopped by Jake Allen without a rebound.
9:38 of 3rd period - Auston Matthews wins face-off versus Eric Staal in Philadelphia Flyers zone.
9:45 of 3rd period - Ben Chiarot is hit by Zach Parise and loses puck.
10:26 of 3rd period - Wrist shot by Rickard Rakell.
10:26 of 3rd period - Stopped by Jake Allen without a rebound.
10:27 of 3rd period - Radek Faksa wins face-off versus Anthony Cirelli in Philadelphia Flyers zone.
11:55 of 3rd period - Snap shot by Nikolaj Ehlers.
11:55 of 3rd period - Shot Blocked by Erik Gustafsson.
12:01 of 3rd period - Slapshot by Erik Gustafsson.
12:01 of 3rd period - Shot Hit the Post.
12:03 of 3rd period - Wrist shot by Erik Gustafsson.
12:03 of 3rd period - Shot Blocked by Anthony Cirelli.
12:15 of 3rd period - Snap shot by Jaden Schwartz.
12:15 of 3rd period - Shot Misses the Net.
12:21 of 3rd period - Jaden Schwartz is hit by Ben Chiarot and loses puck.
12:48 of 3rd period - Joe Pavelski is hit by Auston Matthews and loses puck.
13:52 of 3rd period - Snap shot by Matt Duchene.
13:52 of 3rd period - Deflect By Auston Matthews.
13:52 of 3rd period - Shot Blocked by John Marino.
13:52 of 3rd period - Puck is out of play.
13:53 of 3rd period - Nikolaj Ehlers wins face-off versus Elias Lindholm in Vegas Golden Knights zone.
13:58 of 3rd period - Snap shot by Vince Dunn.
13:58 of 3rd period - Shot Misses the Net.
14:00 of 3rd period - Slapshot by Nikolaj Ehlers.
14:00 of 3rd period - Deflect By Rickard Rakell.
14:00 of 3rd period - Stopped by Jake Allen with a rebound.
14:02 of 3rd period - Slapshot by Vince Dunn.
14:02 of 3rd period - Stopped by Jake Allen with a rebound.
14:04 of 3rd period - Slapshot by Rickard Rakell.
14:04 of 3rd period - Shot Blocked by Oliver Ekman-Larsson.
14:06 of 3rd period - Snap shot by Anthony Cirelli.
14:06 of 3rd period - Goal by Anthony Cirelli - Vegas Golden Knights : 2 - Philadelphia Flyers : 2.
14:07 of 3rd period - Auston Matthews wins face-off versus Anthony Cirelli in neutral zone.
14:14 of 3rd period - Backhand shot by Auston Matthews.
14:14 of 3rd period - Shot Misses the Net.
14:16 of 3rd period - Backhand shot by Jack McBain.
14:16 of 3rd period - Stopped by Alexandar Georgiev without a rebound.
14:17 of 3rd period - Auston Matthews wins face-off versus Anthony Cirelli in Vegas Golden Knights zone.
14:18 of 3rd period - Slapshot by Matt Duchene.
14:18 of 3rd period - Shot Blocked by Andrew Peeke.
14:20 of 3rd period - Slapshot by Oliver Ekman-Larsson.
14:20 of 3rd period - Stopped by Alexandar Georgiev without a rebound.
14:21 of 3rd period - Jordan Staal wins face-off versus Auston Matthews in Vegas Golden Knights zone.
14:26 of 3rd period - Andrew Peeke is hit by Auston Matthews and loses puck.
14:47 of 3rd period - Lukas Sedlak is hit by Anthony Cirelli.
14:51 of 3rd period - Snap shot by Rickard Rakell.
14:51 of 3rd period - Shot Misses the Net.
15:09 of 3rd period - Wrist shot by Zach Parise.
15:09 of 3rd period - Shot Misses the Net.
16:53 of 3rd period - Wrist shot by Radek Faksa.
16:53 of 3rd period - Stopped by Alexandar Georgiev with a rebound.
17:15 of 3rd period - Wrist shot by Reilly Smith.
17:15 of 3rd period - Deflect By Jaden Schwartz.
17:15 of 3rd period - Deflect By Auston Matthews.
17:15 of 3rd period - Shot Misses the Net.
17:15 of 3rd period - Puck is out of play.
17:16 of 3rd period - Jordan Staal wins face-off versus Auston Matthews in Philadelphia Flyers zone.
17:45 of 3rd period - Snap shot by Reilly Smith.
17:45 of 3rd period - Deflect By Auston Matthews.
17:45 of 3rd period - Shot Misses the Net.
17:45 of 3rd period - Puck is out of play.
17:46 of 3rd period - Eric Staal wins face-off versus Radek Faksa in Philadelphia Flyers zone.
18:13 of 3rd period - Sean Monahan is hit by Tyler Johnson and loses puck.
18:20 of 3rd period - John Marino is hit by Jesper Fast and loses puck.
18:51 of 3rd period - Jordan Staal is hit by Oliver Ekman-Larsson and loses puck.
19:02 of 3rd period - Snap shot by Matt Duchene.
19:02 of 3rd period - Shot Misses the Net.
Goals for this period are 2 for Vegas Golden Knights vs 1 for Philadelphia Flyers.
Shots for this period are 7 for Vegas Golden Knights vs 11 for Philadelphia Flyers.
Overtime #1
0:01 of 1st overtime period - Joe Pavelski wins face-off versus Auston Matthews in neutral zone.
0:14 of 1st overtime period - Slapshot by Joe Pavelski.
0:14 of 1st overtime period - Stopped by Jake Allen without a rebound.
0:15 of 1st overtime period - Elias Lindholm wins face-off versus Sean Monahan in Philadelphia Flyers zone.
2:07 of 1st overtime period - Artem Zub is hit by John Marino and loses puck.
2:12 of 1st overtime period - Slapshot by Anthony Cirelli.
2:12 of 1st overtime period - Shot Misses the Net.
2:35 of 1st overtime period - Sean Monahan is hit by Jack McBain and loses puck.
3:00 of 1st overtime period - Justin Faulk is hit by Reilly Smith and loses puck.
4:13 of 1st overtime period - Icing by Reilly Smith.
4:14 of 1st overtime period - Sean Monahan wins face-off versus Jack McBain in Vegas Golden Knights zone.
4:19 of 1st overtime period - Jack McBain is hit by Joe Pavelski and loses puck.
4:32 of 1st overtime period - Travis Hamonic is hit by Oliver Ekman-Larsson and loses puck.
4:43 of 1st overtime period - Oliver Ekman-Larsson is hit by Travis Hamonic and loses puck.
4:56 of 1st overtime period - Travis Hamonic is hit by Max Pacioretty and loses puck.
Goals for this period are 0 for Vegas Golden Knights vs 0 for Philadelphia Flyers.
Shots for this period are 1 for Vegas Golden Knights vs 0 for Philadelphia Flyers.
ShootOut
5:00 of 1st overtime period - Round #1.
5:00 of 1st overtime period - Vegas Golden Knights, Rickard Rakell.
5:00 of 1st overtime period - Snap shot by Rickard Rakell.
5:00 of 1st overtime period - Goal by Rickard Rakell.
5:00 of 1st overtime period - Philadelphia Flyers, Auston Matthews.
5:00 of 1st overtime period - Snap shot by Auston Matthews.
5:00 of 1st overtime period - Stopped by Alexandar Georgiev.
5:00 of 1st overtime period - Round #2.
5:00 of 1st overtime period - Vegas Golden Knights, Anthony Cirelli.
5:00 of 1st overtime period - Deke by Anthony Cirelli.
5:00 of 1st overtime period - Goal by Anthony Cirelli.
5:00 of 1st overtime period - Philadelphia Flyers, Matt Duchene.
5:00 of 1st overtime period - Snap shot by Matt Duchene.
5:00 of 1st overtime period - Stopped by Alexandar Georgiev.
5:00 of 1st overtime period - Round #3.
Back to the Top